MLB
SAN FRANCISCO GIANTS @ CINCINNATI REDS
03/28/2046
 
TOP OF THE 1ST
San Francisco Giants batting - Pitching for Cincinnati Reds : LHP Jeff Baker
Pitching: LHP Jeff Baker
Batting: RHB Nick Rigden 0-0: Called Strike
0-1: Swinging Strike
0-2: Ground out 5-3 (Groundball, 56, EV 109.4 MPH)
Batting: RHB Nate Hodson 0-0: Swinging Strike
0-1: Foul Ball, location: 2F
0-2: Ball
1-2: Ball
2-2: Strikes out swinging
Batting: RHB Sean Zielinski 0-0: Foul Ball, location: 2F
0-1: Ball
1-1: Ground out 4-3 (Groundball, 4M, EV 88.8 MPH)
Top of the 1st over - 0 runs, 0 hits, 0 errors, 0 left on base; San Francisco 0 - Cincinnati 0
BOTTOM OF THE 1ST
Cincinnati Reds batting - Pitching for San Francisco Giants : RHP Keith Kidd
Pitching: RHP Keith Kidd
Batting: RHB Willie Lazcano 0-0: Swinging Strike
0-1: Ball
1-1: Swinging Strike
1-2: Foul Ball, location: 2F
1-2: Foul Ball, location: 2F
1-2: Ball
2-2: Ball
3-2: Base on Balls
Batting: RHB Joseph Kirchmann 0-0: Foul Ball, location: 2F
0-1: Ball
Willie Lazcano is caught stealing 2nd base 2-4
1-1: Swinging Strike
1-2: Foul Ball, location: 2F
1-2: Strikes out looking
Batting: SHB Dave Barefoot 0-0: Ball
1-0: Ball
2-0: Ball
3-0: Base on Balls
Batting: LHB Chris Grunwald 0-0: Swinging Strike
0-1: Ball
1-1: Called Strike
1-2: Foul Ball, location: 2F
1-2: Foul Ball, location: 2F
1-2: Strikes out looking
Bottom of the 1st over - 0 runs, 0 hits, 0 errors, 1 left on base; San Francisco 0 - Cincinnati 0
TOP OF THE 2ND
San Francisco Giants batting - Pitching for Cincinnati Reds : LHP Jeff Baker
Batting: LHB Jack Henningar 0-0: Called Strike
0-1: Swinging Strike
0-2: Ball
1-2: Ground out 4-3 (Groundball, 4, EV 85.6 MPH)
Batting: SHB Ryan Doss 0-0: Fly out, F7 (Flyball, 78M, EV 72.5 MPH)
Batting: SHB Bill Dooms 0-0: Ball
1-0: Called Strike
1-1: Foul Ball, location: 2F
1-2: Strikes out swinging
Top of the 2nd over - 0 runs, 0 hits, 0 errors, 0 left on base; San Francisco 0 - Cincinnati 0
BOTTOM OF THE 2ND
Cincinnati Reds batting - Pitching for San Francisco Giants : RHP Keith Kidd
Batting: RHB Fred Slade 0-0: Ball
1-0: Called Strike
1-1: Swinging Strike
1-2: Strikes out swinging
Batting: RHB Juan Reyes 0-0: Called Strike
0-1: Bunt missed!
0-2: Ball
1-2: Fly out, F3 (Popup, 3, EV 42.5 MPH)
Batting: SHB Saulo Maina 0-0: Ball
1-0: SINGLE (Groundball, 4MD, EV 110.6 MPH)
Batting: LHB Jon Ledesma 0-0: Ball
1-0: Ball
2-0: Ball
3-0: Called Strike
3-1: Swinging Strike
3-2: Foul Ball, location: 2F
3-2: Strikes out looking
Bottom of the 2nd over - 0 runs, 1 hit, 0 errors, 1 left on base; San Francisco 0 - Cincinnati 0
TOP OF THE 3RD
San Francisco Giants batting - Pitching for Cincinnati Reds : LHP Jeff Baker
Batting: RHB Martin Guerrero 0-0: Called Strike
0-1: Called Strike
0-2: Ball
1-2: Ball
2-2: Strikes out looking
Batting: LHB Tom Best 0-0: Called Strike
0-1: Foul Ball, location: 2F
0-2: Strikes out swinging
Batting: RHB Henri Cederberg 0-0: Called Strike
0-1: Called Strike
0-2: Strikes out swinging
Top of the 3rd over - 0 runs, 0 hits, 0 errors, 0 left on base; San Francisco 0 - Cincinnati 0
BOTTOM OF THE 3RD
Cincinnati Reds batting - Pitching for San Francisco Giants : RHP Keith Kidd
Batting: LHB Andy Arbuckle 0-0: Ball
1-0: Called Strike
1-1: Ball
2-1: Called Strike
2-2: Ball
3-2: Fly out, F9 (Flyball, 9S, EV 85.6 MPH)
Batting: RHB Willie Lazcano 0-0: Called Strike
0-1: Foul Ball, location: 2F
0-2: Ground out 3-1 (Groundball, 34, EV 94.4 MPH)
Batting: RHB Joseph Kirchmann 0-0: Called Strike
0-1: Ball
1-1: Ball
2-1: Called Strike
2-2: SINGLE (Line Drive, 9S, EV 97.5 MPH)
Batting: SHB Dave Barefoot 0-0: Ball
1-0: Ball
2-0: Ball
3-0: Base on Balls
Joseph Kirchmann to second
Batting: LHB Chris Grunwald 0-0: Ball
1-0: Called Strike
1-1: Ball
2-1: SINGLE (Flyball, 4MD, EV 90.6 MPH)
Joseph Kirchmann to third
Dave Barefoot to second
Runner from 3rd tries for Home, SAFE, throw by CF to home
Batting: RHB Fred Slade 0-0: Called Strike
0-1: Foul Ball, location: 2F
0-2: Strikes out swinging
Bottom of the 3rd over - 1 run, 2 hits, 0 errors, 2 left on base; San Francisco 0 - Cincinnati 1
TOP OF THE 4TH
San Francisco Giants batting - Pitching for Cincinnati Reds : LHP Jeff Baker
Batting: RHB Nick Rigden 0-0: SINGLE (Groundball, 5S, EV 66.2 MPH) (infield hit)
Batting: RHB Nate Hodson 0-0: Ball
1-0: Ball
2-0: Called Strike
2-1: Ball
3-1: Grounds into double play, 4-6-3 (Groundball, 4, EV 106.2 MPH)
Batting: RHB Sean Zielinski 0-0: SINGLE (Flyball, 6D, EV 85.0 MPH)
Batting: LHB Jack Henningar 0-0: Ball
1-0: Ball
2-0: Foul Ball, location: 2F
2-1: Foul Ball, location: 2F
2-2: SINGLE (Flyball, 8LM, EV 85.0 MPH)
Sean Zielinski to second
Runner from 2nd tries for 3rd, SAFE, throw by CF made to third
Batting: SHB Ryan Doss 0-0: Ball
1-0: Ball
2-0: Foul Ball, location: 2F
2-1: Ball
3-1: SINGLE (Groundball, 6MD, EV 103.8 MPH)
Sean Zielinski scores
Jack Henningar to second
Runner from 2nd tries for 3rd, SAFE, throw by CF made to third
Batting: SHB Bill Dooms 0-0: Called Strike
0-1: Foul Ball, location: 2F
0-2: Ball
1-2: Strikes out swinging
Top of the 4th over - 1 run, 4 hits, 0 errors, 2 left on base; San Francisco 1 - Cincinnati 1
BOTTOM OF THE 4TH
Cincinnati Reds batting - Pitching for San Francisco Giants : RHP Keith Kidd
Batting: RHB Juan Reyes 0-0: Swinging Strike
0-1: Foul Ball, location: 2F
0-2: Ball
1-2: Strikes out looking
Batting: SHB Saulo Maina 0-0: Called Strike
0-1: Foul Ball, location: 2F
0-2: Ground out 4-3 (Groundball, 4, EV 86.2 MPH)
Batting: LHB Jon Ledesma 0-0: Called Strike
0-1: Ball
1-1: Called Strike
1-2: Ball
2-2: Ball
3-2: Base on Balls
Pitching: RHP Josh Lister
Batting: LHB Andy Arbuckle 0-0: Swinging Strike
0-1: Fly out, F7 (Flyball, 78D, EV 95.0 MPH)
Bottom of the 4th over - 0 runs, 0 hits, 0 errors, 1 left on base; San Francisco 1 - Cincinnati 1
TOP OF THE 5TH
San Francisco Giants batting - Pitching for Cincinnati Reds : LHP Jeff Baker
Now in LF: Satoru Handa
Batting: RHB Martin Guerrero 0-0: Called Strike
0-1: Foul Ball, location: 2F
0-2: Strikes out looking
Batting: LHB Tom Best 0-0: Ball
1-0: Foul Ball, location: 2F
1-1: Fly out, F7 (Flyball, 78M, EV 82.5 MPH)
Batting: RHB Henri Cederberg 0-0: Called Strike
0-1: Ball
1-1: Swinging Strike
1-2: Foul Ball, location: 2F
1-2: Strikes out swinging
Top of the 5th over - 0 runs, 0 hits, 0 errors, 0 left on base; San Francisco 1 - Cincinnati 1
BOTTOM OF THE 5TH
Cincinnati Reds batting - Pitching for San Francisco Giants : RHP Josh Lister
Batting: RHB Willie Lazcano 0-0: Called Strike
0-1: Ball
1-1: Called Strike
1-2: Ground out 5-3 (Groundball, 56S, EV 89.4 MPH)
Batting: RHB Joseph Kirchmann 0-0: Ball
1-0: Called Strike
1-1: Foul Ball, location: 2F
1-2: Strikes out looking
Batting: SHB Dave Barefoot 0-0: Ball
1-0: Foul Ball, location: 2F
1-1: Ground out 4-3 (Groundball, 34, EV 103.8 MPH)
Bottom of the 5th over - 0 runs, 0 hits, 0 errors, 0 left on base; San Francisco 1 - Cincinnati 1
TOP OF THE 6TH
San Francisco Giants batting - Pitching for Cincinnati Reds : LHP Jeff Baker
Pinch Hitting: RHB Hugo Zacarias 0-0: Ball
1-0: Foul Ball, location: 2F
1-1: SINGLE (Line Drive, 8RS, EV 105.6 MPH)
Batting: LHB Carey Horncole 0-0: Ball
1-0: Ball
2-0: Foul Ball, location: 2F
2-1: Foul Ball, location: 2F
2-2: Foul Ball, location: 2F
2-2: SINGLE (Groundball, 34D, EV 105.0 MPH) (infield hit)
Hugo Zacarias to second
Pinch Hitting: LHB Willie Ceniceros 0-0: Called Strike
0-1: Ball
1-1: Fly out, F7 (Flyball, 78M, EV 85.6 MPH)
Pitching: RHP Casey Truax
Batting: LHB Jack Henningar 0-0: Ball
1-0: Ball
2-0: Ball
3-0: Base on Balls
Hugo Zacarias to third
Carey Horncole to second
Pinch Hitting: RHB Tyler Mapes 0-0: Called Strike
0-1: Swinging Strike
0-2: Ball
1-2: Ball
2-2: Strikes out swinging
Batting: SHB Bill Dooms 0-0: Ball
1-0: Called Strike
1-1: Ball
2-1: Swinging Strike
2-2: Foul Ball, location: 2F
2-2: Strikes out looking
Top of the 6th over - 0 runs, 2 hits, 0 errors, 3 left on base; San Francisco 1 - Cincinnati 1
BOTTOM OF THE 6TH
Cincinnati Reds batting - Pitching for San Francisco Giants : RHP Josh Lister
Now at 2B: Willie Ceniceros
Now at 3B: Tyler Mapes
Now in LF: Ryan Braden
Now in CF: Tom Best
Now in RF: Hugo Zacarias
Pinch Hitting: LHB Shawn Morrison 0-0: Fly out, F7 (Flyball, 78M, EV 85.6 MPH)
Batting: LHB Satoru Handa 0-0: Called Strike
0-1: Ball
1-1: Called Strike
1-2: Ball
2-2: Ball
3-2: Ground out 4-3 (Groundball, 4, EV 101.2 MPH)
Pinch Hitting: RHB Bruno André 0-0: Ball
1-0: Foul Ball, location: 2F
1-1: Ball
2-1: Called Strike
2-2: Foul Ball, location: 2F
2-2: Ground out U3 (Groundball, 3, EV 80.0 MPH)
Bottom of the 6th over - 0 runs, 0 hits, 0 errors, 0 left on base; San Francisco 1 - Cincinnati 1
TOP OF THE 7TH
San Francisco Giants batting - Pitching for Cincinnati Reds : RHP Casey Truax
Pitching: RHP Sam Alexander
Now at 1B: Bruno André
Now in CF: Shawn Morrison
Now in RF: Randy Racine
Batting: LHB Ryan Braden 0-0: Called Strike
0-1: Fly out, F7 (Flyball, 7S, EV 73.1 MPH)
Pinch Hitting: RHB Roberto Duron 0-0: Ball
1-0: Ball
2-0: Ball
3-0: Called Strike
3-1: Ground out 5-3 (Groundball, 56, EV 82.5 MPH)
Pinch Hitting: RHB Sadataka Kuwahara 0-0: Ball
1-0: Fly out, F8 (Flyball, 8RD, EV 96.9 MPH)
Top of the 7th over - 0 runs, 0 hits, 0 errors, 0 left on base; San Francisco 1 - Cincinnati 1
BOTTOM OF THE 7TH
Cincinnati Reds batting - Pitching for San Francisco Giants : RHP Josh Lister
Pitching: RHP Tim Welshman
Now at SS: Sadataka Kuwahara
Now in CF: Roberto Duron
Batting: SHB Saulo Maina 0-0: Ball
1-0: Swinging Strike
1-1: Ground out U3 (Groundball, 3, EV 97.5 MPH)
Batting: LHB Jon Ledesma 0-0: DOUBLE (Flyball, 78D, EV 101.2 MPH)
Batting: LHB Andy Arbuckle 0-0: Foul Ball, location: 2F
0-1: Ball
1-1: Swinging Strike
1-2: Ball
2-2: Strikes out swinging
Batting: RHB Willie Lazcano 0-0: Foul Ball, location: 2F
0-1: Ball
1-1: Called Strike
1-2: Ball
2-2: Ground out U3 (Groundball, 34S, EV 85.6 MPH)
Bottom of the 7th over - 0 runs, 1 hit, 0 errors, 1 left on base; San Francisco 1 - Cincinnati 1
TOP OF THE 8TH
San Francisco Giants batting - Pitching for Cincinnati Reds : RHP Sam Alexander
Pitching: LHP Logan Moultry
Batting: RHB Hugo Zacarias 0-0: Called Strike
0-1: Ball
1-1: Swinging Strike
1-2: Strikes out looking
Batting: LHB Carey Horncole 0-0: Swinging Strike
0-1: Ball
1-1: Swinging Strike
1-2: Strikes out looking
Batting: LHB Willie Ceniceros 0-0: Ball
1-0: Ball
2-0: Ball
3-0: Called Strike
3-1: Called Strike
3-2: Fly out, F8 (Flyball, 8RD, EV 98.8 MPH)
Top of the 8th over - 0 runs, 0 hits, 0 errors, 0 left on base; San Francisco 1 - Cincinnati 1
BOTTOM OF THE 8TH
Cincinnati Reds batting - Pitching for San Francisco Giants : RHP Tim Welshman
Pitching: LHP Caleb Mullinax
Batting: LHB Randy Racine 0-0: Called Strike
0-1: Called Strike
0-2: Ball
1-2: Ground out 6-3 (Groundball, 6, EV 86.2 MPH)
Batting: SHB Dave Barefoot 0-0: Ball
1-0: Ground out 3-1 (Groundball, 34S, EV 63.1 MPH)
Batting: LHB Shawn Morrison 0-0: Called Strike
0-1: Ball
1-1: Ground out 6-3 (Groundball, 6, EV 104.4 MPH)
Bottom of the 8th over - 0 runs, 0 hits, 0 errors, 0 left on base; San Francisco 1 - Cincinnati 1
TOP OF THE 9TH
San Francisco Giants batting - Pitching for Cincinnati Reds : LHP Logan Moultry
Pitching: RHP Juan Barroso
Batting: LHB Jack Henningar 0-0: Foul Ball, location: 2F
0-1: Foul Ball, location: 2F
0-2: Ball
1-2: SINGLE (Line Drive, 6MD, EV 96.2 MPH)
Batting: RHB Tyler Mapes 0-0: Ball
1-0: Ball
Jack Henningar is caught stealing 2nd base 2-4
2-0: Called Strike
2-1: Swinging Strike
2-2: Strikes out looking
Pinch Hitting: LHB Nick Swank 0-0: Swinging Strike
0-1: Foul Ball, location: 2F
0-2: Strikes out swinging
Top of the 9th over - 0 runs, 1 hit, 0 errors, 0 left on base; San Francisco 1 - Cincinnati 1
BOTTOM OF THE 9TH
Cincinnati Reds batting - Pitching for San Francisco Giants : LHP Caleb Mullinax
Pitching: RHP Jorge Sosa
Now at C: Nick Swank
Batting: LHB Satoru Handa 0-0: Ball
1-0: Ground out 6-3 (Groundball, 6, EV 81.9 MPH)
Batting: RHB Bruno André 0-0: Ball
1-0: Called Strike
1-1: Ball
2-1: Ball
3-1: Foul Ball, location: 2F
3-2: Foul Ball, location: 2F
3-2: Base on Balls
Batting: SHB Saulo Maina 0-0: Called Strike
0-1: Ball
1-1: Ball
Wild Pitch!
Bruno André to second
2-1: Fly out, F9 (Flyball, 9LM, EV 93.1 MPH)
Runner from 2nd tags up, SAFE at 3rd with throw by RF
Batting: RHB Omar Quintana 0-0: Swinging Strike
0-1: Ball
1-1: Ball
2-1: Foul Ball, location: 2F
2-2: Ball
3-2: Foul Ball, location: 2F
3-2: SINGLE (Groundball, 56D, EV 107.5 MPH)
Bruno André scores
Bottom of the 9th over - 1 run, 1 hit, 0 errors, 1 left on base; San Francisco 1 - Cincinnati 2
Tuesday, September 13th , 2022 - OOTP Baseball 23.7 Build 88